Map: Radhuset Station LE

Players

Subwayeatn - Winner!

  • Race: Zerg Zerg
  • League: Platinum
  • Spawn Location: 1:00

Maple

  • Race: Terran Terran
  • League: Diamond
  • Spawn Location: 7:00

VOD

Have the link to the VOD?

Description

Time

  • Played on: Nov. 3, 2023, 3:49 p.m.
  • Length: 13:13
Show
View Real Time Build Order
Export as new Build Order

Subwayeatn Zerg - Winner!

Build Orders: Hatch First 

Get SALT Encoding   

  12  0:00  Drone  
  13  0:12  Overlord  
  13  0:18  Drone  
  14  0:30  Drone x2  
  16  0:49  Hatchery  
  15  0:53  Drone  
  15  0:56  Drone  
  17  1:00  Drone  
  18  1:04  Extractor  
  17  1:17  Spawning Pool  
  16  1:21  Drone  
  16  1:23  Drone  
  18  1:31  Drone  
  19  1:38  Drone  
  20  1:49  Drone  
  21  2:00  Drone  
  22  2:04  Queen x2  
  22  2:07  Zergling x2  
  27  2:12  Zergling x2  
  28  2:20  Overlord  
  28  2:23  Metabolic Boost  
  28  2:38  Drone x4  
  28  2:41  Queen  
  34  2:48  Overlord  
  34  2:53  Overlord  
  34  3:00  Drone x2  
  36  3:07  Drone x2  
  38  3:15  Drone  
  38  3:17  Drone x2  
  38  3:18  Drone x2  
  43  3:28  Drone  
  44  3:34  Extractor  
  44  3:40  Drone x3  
  46  3:48  Overlord  
  46  3:49  Hatchery  
  46  3:51  Overlord  
  45  3:58  Drone  
  45  3:59  Drone  
  45  4:02  Lair  
  47  4:05  Drone  
  47  4:08  Baneling Nest  
  47  4:10  Extractor  
  46  4:17  Drone x5  
  51  4:26  Evolution Chamber  
  51  4:28  Drone x2  
  51  4:29  Drone  
  51  4:30  Drone x2  
  55  4:35  Queen  
  57  4:38  Extractor  
  56  4:47  Overlord  
  56  4:58  Drone x4  
  56  4:59  Drone  
  61  5:03  Zerg Melee Weapons Level 1  
  61  5:04  Queen  
  61  5:05  Overseer  
  63  5:15  Pneumatized Carapace  
  63  5:17  Drone  
  63  5:19  Spire  
  63  5:20  Overlord  
  63  5:21  Extractor  
  63  5:22  Extractor  
  63  5:23  Overlord, Spine Crawler  
  63  5:25  Drone x8  
  68  5:36  Drone  
  69  5:46  Overlord x3  
  69  5:56  Drone x3  
  72  5:58  Overlord  
  72  6:02  Centrifugal Hooks  
  72  6:04  Zergling x10  
  73  6:11  Drone x5  
  82  6:26  Drone  
  82  6:29  Evolution Chamber  
  82  6:36  Overlord x2  
  82  6:38  Overseer  
  81  6:42  Zerg Flyer Weapons Level 1  
  81  6:48  Mutalisk x6  
  81  6:49  Mutalisk x3  
  99  6:57  Zerg Ground Armor Level 1  
  99  6:59  Mutalisk  
  101  7:02  Overlord x2  
  101  7:04  Zergling x12  
  101  7:06  Baneling  
  101  7:07  Baneling x6  
  107  7:19  Drone  
  107  7:20  Drone x8  
  116  7:30  Mutalisk x4  
  124  7:39  Hatchery  
  123  8:00  Zergling x2  
  123  8:01  Zergling x20  
  123  8:04  Zerg Melee Weapons Level 2  
  114  8:25  Extractor x2  
  107  8:28  Mutalisk x6  
  119  8:36  Baneling x4  
  119  8:37  Baneling x6  
  119  8:44  Zergling x14  
  119  8:45  Zergling x4  
  128  8:52  Drone x2  
  130  8:57  Queen  
  132  9:06  Queen  
  134  9:10  Infestation Pit, Hatchery  
  132  9:19  Overseer  
  132  9:21  Overseer  
  132  9:27  Mutalisk  
  132  9:28  Mutalisk x7  
  132  9:31  Zergling x8  
  149  9:34  Overlord x2  
  149  9:35  Overlord x5  
  123  9:53  Zergling x24  
  123  9:56  Baneling  
  123  9:57  Baneling x7  
  135  10:06  Drone x3  
  138  10:09  Zerg Flyer Weapons Level 2  
  138  10:15  Zergling x2  
  138  10:16  Zergling x14  
  136  10:25  Zergling x2  
  136  10:26  Zergling x4  
  133  10:33  Mutalisk  
  135  10:36  Zergling x30  
  135  10:38  Baneling  
  135  10:39  Baneling x15  
  150  10:53  Zergling x2  
  150  10:54  Zergling x14  
  147  11:19  Mutalisk x9  
  147  11:20  Mutalisk x6  
  126  12:04  Zergling x8  
  126  12:05  Zergling x40  
  138  12:44  Hatchery  
Show
View Real Time Build Order
Export as new Build Order

Maple Terran 

Build Orders:  

Get SALT Encoding   

  12  0:00  SCV  
  13  0:12  SCV  
  14  0:18  Supply Depot  
  14  0:25  SCV  
  15  0:39  SCV  
  15  0:41  Barracks  
  16  0:49  Refinery  
  16  0:51  SCV  
  17  1:03  SCV  
  18  1:16  SCV  
  19  1:28  Orbital Command  
  19  1:38  Command Center  
  19  1:42  Marine  
  20  1:55  SCV  
  21  2:03  Barracks Tech Lab  
  21  2:07  SCV  
  22  2:19  SCV, Supply Depot  
  23  2:25  Stimpack  
  23  2:35  Refinery  
  23  2:40  Barracks, SCV, Marine  
  25  2:45  Supply Depot  
  25  2:52  Factory  
  25  2:53  SCV  
  25  2:57  SCV  
  25  2:58  Marine  
  27  3:05  SCV  
  29  3:12  Engineering Bay  
  29  3:17  Marine  
  30  3:20  SCV  
  32  3:27  Orbital Command  
  32  3:32  SCV  
  33  3:35  Barracks Reactor, Marine  
  33  3:40  Terran Infantry Weapons Level 1  
  33  3:44  SCV  
  33  3:45  Factory Tech Lab  
  34  3:49  Missile Turret  
  34  3:53  Marine  
  35  3:56  SCV  
  36  4:06  SCV  
  36  4:08  SCV  
  38  4:11  Marine  
  38  4:13  Supply Depot  
  39  4:19  Siege Tank, SCV  
  39  4:20  Marine, SCV  
  45  4:25  Marine  
  45  4:29  Marine  
  45  4:31  SCV  
  48  4:32  SCV  
  49  4:39  Supply Depot, Refinery  
  49  4:42  Marine  
  49  4:43  Marine, SCV  
  49  4:44  Combat Shield, SCV  
  53  4:46  Marine  
  53  4:51  Siege Tank  
  57  4:55  SCV  
  57  4:56  SCV  
  59  5:00  Marine  
  59  5:01  Marine  
  59  5:04  Marine  
  59  5:05  Missile Turret  
  62  5:07  SCV, Refinery  
  62  5:12  Command Center  
  63  5:18  Marine  
  63  5:19  SCV, Marine  
  66  5:22  Marine  
  66  5:23  Siege Tank  
  66  5:26  Starport  
  70  5:36  Supply Depot  
  70  5:37  Supply Depot  
  70  5:50  Terran Infantry Armor Level 1  
  70  5:55  Armory  
  70  5:57  SCV x2, Marine x3  
  70  5:58  Supply Depot  
  70  6:01  Supply Depot  
  75  6:09  SCV x2  
  77  6:19  Siege Tank, Supply Depot  
  77  6:20  Supply Depot, Marine  
  77  6:21  Starport Reactor, SCV  
  77  6:22  Marine x2, SCV  
  85  6:34  SCV x2  
  87  6:45  Orbital Command  
  87  6:46  SCV  
  88  6:47  SCV  
  89  6:54  Siege Tank, Marine  
  89  6:55  Marine x2  
  89  6:56  Missile Turret  
  89  6:58  Medivac x2, SCV  
  89  6:59  SCV  
  101  7:04  Terran Vehicle Weapons Level 1, Engineering Bay  
  101  7:10  SCV  
  101  7:11  SCV x2  
  101  7:13  Marine x2  
  106  7:18  Missile Turret  
  106  7:22  SCV, Refinery  
  107  7:23  SCV, Refinery  
  107  7:24  SCV  
  107  7:26  Siege Tank  
  107  7:28  Medivac  
  107  7:29  Medivac  
  116  7:34  SCV  
  116  7:36  SCV x2  
  116  7:46  SCV  
  116  7:48  SCV x2  
  114  7:58  Missile Turret x2, SCV  
  114  7:59  Missile Turret  
  114  8:00  Missile Turret, SCV  
  112  8:10  SCV  
  113  8:18  Terran Infantry Weapons Level 2, Terran Infantry Armor Level 2  
  113  8:21  Refinery  
  113  8:22  SCV x3  
  113  8:24  Refinery  
  116  8:27  Refinery  
  116  8:34  Missile Turret, SCV  
  116  8:35  SCV x2  
  116  8:36  Missile Turret  
  116  8:40  Thor  
  125  8:45  Missile Turret  
  125  8:47  Factory, SCV  
  125  8:48  Factory  
  126  8:49  Command Center  
  126  8:54  Medivac x2  
  130  8:57  Marine x2  
  130  8:58  Marine  
  130  8:59  Concussive Shells  
  133  9:18  Sensor Tower  
  133  9:26  Supply Depot x2  
  133  9:27  Supply Depot  
  133  9:38  Barracks  
  133  9:40  Barracks  
  133  9:42  Barracks  
  133  9:44  Marine x2  
  133  9:45  SCV  
  133  9:47  Thor, Sensor Tower, Marine  
  134  9:56  SCV  
  134  9:57  SCV x2  
  137  10:08  SCV  
  137  10:09  Planetary Fortress, SCV x2  
  140  10:14  Supply Depot  
  140  10:16  Supply Depot  
  140  10:17  Marine  
  140  10:18  Marine x2  
  140  10:20  SCV, Supply Depot  
  140  10:21  SCV  
  138  10:22  Supply Depot  
  138  10:26  Barracks  
  133  10:28  Barracks  
  133  10:30  Siege Tank  
  133  10:32  Barracks, Factory Tech Lab x2  
  133  10:35  Marine x3  
  136  10:36  Barracks Tech Lab x3  
  136  10:41  Supply Depot  
  136  10:42  Supply Depot  
  139  10:46  Command Center  
  139  10:53  Marine x2  
  141  10:57  Missile Turret  
  141  10:59  Missile Turret  
  141  11:01  Sensor Tower, Missile Turret x2  
  141  11:02  Siege Tank  
  135  11:11  Marine  
  135  11:13  SCV  
  135  11:18  Marine x2  
  121  11:20  Missile Turret, Marine x6  
  121  11:23  Missile Turret  
  113  11:25  SCV  
  113  11:29  Marine  
  109  11:35  Siege Tank  
  109  11:36  Marine x2  
  109  11:38  Marine x6, SCV  
  109  11:47  Marine  
  109  11:53  Factory Tech Lab  
  96  11:57  SCV x2  
  96  11:58  SCV x2  
  96  12:01  Factory Tech Lab  
  91  12:09  SCV  
  91  12:10  SCV x3  
  91  12:14  Marine x9  
  97  12:21  SCV  
  97  12:22  SCV x3  
  100  12:28  Missile Turret  
  100  12:29  Missile Turret  
  80  12:30  Missile Turret  
  80  12:32  Marine x8  
  80  12:33  SCV  
  85  12:37  Marine  
  85  12:39  Medivac x2  
  79  12:50  Marine x3  
  69  13:03  Barracks Reactor  
  60  13:08  Barracks Reactor  
Tags
 
Add a new tag
Caveats
  • Supply blocks, unpowered buildings, or Contaminate may cause inaccurate times.
  • Supply counts are checked every 10 seconds.